 Dungeon Crawl Stone Soup version 0.30-a0-223-gcb0039aa0c (webtiles) character file.

Game seed: 12502794870123616602

728 droid the Cleaver (level 7, -2/61 HPs)
             Began as a Hill Orc Fighter on Oct 9, 2022.
             Was an Initiate of Okawaru.
             Slain by a shadow imp (4 damage)
             ... summoned by Natasha
             ... on level 4 of the Dungeon.
             The game lasted 00:06:27 (4034 turns).

droid the Cleaver (Hill Orc Fighter)                Turns: 4034, Time: 00:06:29

Health: -2/61      AC:  8    Str: 21    XL:     7   Next: 72%
Magic:  7/7        EV:  9    Int:  8    God:    Okawaru [......]
Gold:   111        SH:  0    Dex: 10    Spells: 6/6 levels left

rFire   . . .      SeeInvis .    a - +0 war axe
rCold   . . .      Faith    .    c - +0 buckler
rNeg    . . .      Spirit   .    b - +0 scale mail
rPois   .          Reflect  .    (no helmet)
rElec   .          Harm     .    (no cloak)
rCorr   .          Rampage  .    t - +0 pair of gloves
Will    .....                    (no boots)
Stlth   ..........               (no amulet)
HPRegen 0.30/turn                v - ring of wizardry
MPRegen 0.10/turn                (no ring)

@: confused
A: no striking features
a: Renounce Religion


You were on level 4 of the Dungeon.
You worshipped Okawaru.
Okawaru was noncommittal.
You visited 2 branches of the dungeon, and saw 5 of its levels.

You collected 111 gold pieces.

Inventory:

Hand Weapons
 a - a +0 war axe (weapon)
Armour
 b - a +0 scale mail (worn)
 c - a +0 buckler (worn)
 t - a +0 pair of gloves (worn)
Jewellery
 v - a ring of wizardry (left hand)
Wands
 n - a wand of digging (5)
 r - a wand of paralysis (6)
 y - a wand of iceblast (11)
Scrolls
 e - a scroll of identify
 f - a scroll of magic mapping {unknown}
 g - 4 scrolls of teleportation
 j - a scroll of poison {unknown}
 k - 2 scrolls of blinking
 m - 2 scrolls of enchant armour
 o - a scroll of vulnerability {unknown}
 u - a scroll of enchant weapon {unknown}
 w - 2 scrolls of fog {unknown}
Potions
 d - a potion of might
 h - 3 potions of lignification
 i - a potion of ambrosia {unknown}
 l - a potion of mutation {unknown}
 p - a potion of resistance {unknown}
 q - a potion of curing {unknown}
 s - a potion of heal wounds {unknown}
 x - a potion of magic {unknown}
 z - a potion of cancellation {unknown}


   Skills:
 + Level 5.1 Fighting
 * Level 8.7 Axes
 + Level 5.1 Armour
 + Level 0.7 Dodging
 + Level 0.2 Stealth
 + Level 3.8 Shields


You had 6 spell levels left.
You didn't know any spells.
Your spell library contained the following spells:

 Spells                   Type           Power      Damage    Failure   Level
 Sandblast                Erth           0%         2d4       47%         1
 Passwall                 Tmut/Erth      0%         N/A       61%         2
 Frozen Ramparts          Ice            0%         1d1       83%         3
 Gell's Gravitas          Tloc           0%         N/A       83%         3
 Stone Arrow              Conj/Erth      0%         3d7       83%         3
 Teleport Other           Tloc           0%         N/A       83%         3
 Ice Form                 Ice/Tmut       0%         N/A       99%         4
 Dispersal                Tloc           0%         N/A       100%        6
 Summon Ice Beast         Ice/Summ       Unusable   N/A       N/A         4

Dungeon Overview and Level Annotations

Branches:
Dungeon (4/15)             Temple (1/1) D:4

Altars:
Cheibriados
Dithmenos
Gozag
Hepliaklqana
Kikubaaqudgha
Makhleb
Nemelex Xobeh
Okawaru
Qazlal
Ru
Sif Muna
Uskayaw
Vehumet
Wu Jian
Xom
Yredelemnul
Zin
The Shining One

Shops:
D:2 :

Annotations:
D:3 1 runed translucent door
D:4 Dowan, Duvessa, Natasha


Message History

You are more confused.
You bump into the rock wall.
You barely miss something. You barely miss Duvessa.
Natasha extends her claws.
Duvessa hits you but does no damage.
You hear some strange, mumbled words.
A puff of flame appears from out of thin air!
The puff of flame hits you.
You bump into the rock wall.
Natasha casts a spell.
Duvessa hits you but does no damage. Something hits you.
You are too confused!
You bump into the rock wall.
Dowan shouts!
Duvessa hits you with a +0 short sword.
Dowan gestures wildly while chanting.
Dowan blinks!
Something hits you.
You miss something. You hit Natasha. You barely miss Duvessa.
Dowan says, "My weaknesses are her strengths!"
Duvessa hits you with a +0 short sword! Something hits you.
* * * LOW HITPOINT WARNING * * *
Natasha stares at you and mumbles some strange words.
You resist with significant effort.
You slash something! Okawaru accepts your kill.
Reactivating autopickup.
You feel a bit more experienced.
You barely miss Natasha. You hit Duvessa. Duvessa hits you but does no damage.
Dowan casts a spell.
Dowan blinks!
Natasha casts a spell at you. The magic dart hits you!
* * * LOW HITPOINT WARNING * * *
You closely miss Duvessa.
Duvessa is lightly wounded.
You closely miss Dowan. You miss Natasha. You barely miss the shadow imp.
Duvessa barely misses you. Dowan barely misses you. Natasha claws you.
* * * LOW HITPOINT WARNING * * *
The shadow imp hits you.
You die...

). ...... #.# <.... #..
..... #.. #...###..#
..... ###..##........
e.... ........#....#
#....
..###.......#..#####.#.(
.......5eh........#..e#..
...#...#@)..........).#..
#.###..e).....$....).)..
...##...............{M.
#..##.................
#.#...#.##....#.#.#.. #
#.....#....##.#.#)#.. #
#.......#.......)†... #
#..(....#.##.#.##.#.. #
####..........M.#..[.#..


You could see Duvessa, Dowan, Natasha (empowered) and a shadow imp (summoned).

Vanquished Creatures
  Grinder (D:4)
  Menkaure (D:4)
  A black bear (D:4)
  An orc priest (D:4)
  A jelly (D:4)
  Jessica (D:2)
  Ijyb (D:2)
  Natasha (D:4)
  An orc wizard (D:4)
  9 adders
  2 worms
  4 orcs
  4 ball pythons (D:2)
  6 endoplasms
  2 giant cockroaches
  23 goblins
  5 hobgoblins
  2 jackals (D:2)
  7 kobolds
  8 quokkas
  5 bats
  6 frilled lizards
  A jackal skeleton (D:3)
  A jackal zombie (D:3)
  4 rats
98 creatures vanquished.

Notes
Turn   | Place    | Note
-------+----------+-------------------------------------------
     0 | D:1      | droid the Hill Orc Fighter began the quest for the Orb.
     0 | D:1      | Reached XP level 1. HP: 19/19 MP: 1/1
   129 | D:1      | Reached skill level 3 in Axes
   129 | D:1      | Reached XP level 2. HP: 27/27 MP: 2/2
   596 | D:1      | Found a faded altar of an unknown god.
   710 | D:2      | Reached XP level 3. HP: 33/33 MP: 3/3
   734 | D:2      | Reached skill level 4 in Axes
   903 | D:2      | Noticed Jessica
   912 | D:2      | Killed Jessica
   913 | D:2      | Reached XP level 4. HP: 36/40 MP: 4/4
  1173 | D:2      | Noticed Ijyb
  1195 | D:2      | Killed Ijyb
  1196 | D:2      | Reached skill level 5 in Axes
  1196 | D:2      | Reached XP level 5. HP: 20/47 MP: 5/5
  1321 | D:2      | Found Xuix's Book Emporium.
  1864 | D:3      | Found a glowing silver altar of Zin.
  1987 | D:3      | Noticed a human
  1988 | D:3      | Found a runed translucent door.
  1990 | D:3      | Found a basalt altar of Yredelemnul.
  2645 | D:4      | Noticed a black bear
  2681 | D:4      | Killed a black bear
  2682 | D:4      | Reached skill level 6 in Axes
  2682 | D:4      | Reached XP level 6. HP: 51/55 MP: 6/6
  2726 | D:4      | Noticed Natasha
  2728 | D:4      | Noticed Grinder
  2733 | D:4      | Killed Natasha
  2740 | D:4      | Paralysed by Grinder for 2 turns
  2746 | D:4      | Killed Grinder
  2747 | D:4      | Reached skill level 5 in Fighting
  2747 | D:4      | Reached skill level 7 in Axes
  2747 | D:4      | Reached XP level 7. HP: 31/61 MP: 7/7
  2960 | D:4      | Found a staircase to the Ecumenical Temple.
  2987 | Temple   | Entered the Ecumenical Temple
  3344 | Temple   | Became a worshipper of Warmaster Okawaru
  3385 | D:4      | Noticed Dowan
  3390 | D:4      | Noticed Menkaure
  3393 | D:4      | Reached skill level 8 in Axes
  3399 | D:4      | Noticed Duvessa
  3899 | D:4      | Killed Menkaure
  3900 | D:4      | Reached skill level 5 in Armour
  4025 | D:4      | Noticed Natasha
  4034 | D:4      | HP: 2/61 [Natasha (4)]
  4034 | D:4      | Slain by a shadow imp

Illustrated notes

Levels and vault maps discovered:
D:1:      spicycebolla_arrival_xxxplode, layout_basic,
          dilly_ecumenical_altar_fadedgnrine, minmay_misc_feat_enclosed
D:2:      kennysheep_the_goblin_king, layout_loops_corners, serial_shops, shop,
          amcnicky_mini_corridor_feature, uniq_jessica
D:3:      layout_basic, dk_yredelemnul_ordeal, zin_scriptorium,
          minmay_three_crescents
D:4:      layout_rooms, minmay_temple_entry_ruins, uniq_natasha, uniq_ijyb,
          uniq_duvessa, uniq_grinder, uniq_crazy_yiuf_cottage, uniq_menkaure
Temple:   nicolae_temple_slightly_damp_pantheon

Skill      XL: |  1  2  3  4  5  6  7 |
---------------+----------------------+-----
Axes           | 3 4 5 6 7 8 |  8.7
Fighting       | 4 5 |  5.1
Armour         | 4 5 |  5.1
Dodging        | |  0.7
Stealth        | |  0.2
Shields        | |  3.8

Action                   |  1- 3 |  4- 6 |  7- 9 || total
-------------------------+-------+-------+-------++-------
Melee: War axe           |   118 |   126 |    53 ||   297
Evoke: Wand              |       |     1 |       ||     1
  Use: Scroll            |       |     4 |     1 ||     5
       Potion            |       |     2 |       ||     2
Armor: Scale mail        |    66 |    60 |    28 ||   154
Dodge: Dodged            |    56 |    67 |    15 ||   138
Block: Buckler           |    28 |    29 |     6 ||    63

Table legend: (Time is in decaauts)
 A = Elapsed time spent in this place.
 B = Non-inter-level travel time spent in this place.
 C = Inter-level travel time spent in this place.
 D = Time resting spent in this place.
 E = Time spent auto-exploring this place.
 F = Levels seen in this place.
 G = Mean time per level.
                   A        B        C        D        E       F      G
               +--------+--------+--------+--------+--------+-----+--------+
         Total |   4119 |   3790 |    329 |    699 |   2352 |   5 |  823.8 |
       Dungeon |   3751 |   3624 |    127 |    699 |   2205 |   4 |  937.8 |
        Temple |    367 |    165 |    202 |      0 |    147 |   1 |  367.0 |
               +--------+--------+--------+--------+--------+-----+--------+

Top non-repeatable levels by time:
     D:2: 1255 daAuts
     D:3: 1249 daAuts
     D:1: 658 daAuts
     D:4: 588 daAuts
  Temple: 367 daAuts
